 Dungeon Crawl Stone Soup version 0.32-a0-872-g59262bdc9b (webtiles) character file.

Game seed: 14277867333880863245

21684 Lanoc the Severer (level 12, -1/172 (175) HPs)
             Began as a Mountain Dwarf Berserker on Mar 30, 2024.
             Was a High Priest of Trog.
             Slain by Snorg (13 damage)
             ... on level 13 of the Dungeon.
             The game lasted 00:22:10 (14596 turns).

Lanoc the Severer (Mountain Dwarf Berserker)       Turns: 14596, Time: 00:22:11

HP:   -1/172 (175)  AC:  3    Str: 24    XL:     12   Next: 56%
MP:   12/12         EV: 18    Int:  9    God:    Trog [*****.]
Gold: 671           SH:  0    Dex:  9    Spells: 11/11 levels left

rFire   . . .        z - +4 battleaxe
rCold   . . .        (shield currently unavailable)
rNeg    . . .        b - +0 animal skin
rPois   .            H - +1 hat {Stlth+}
rElec   +            (no cloak)
rCorr   +            (no gloves)
SInv    .            (no boots)
Will    ++...        Q - amulet "Tice" {rElec Regen+ rCorr} Stlth
                     g - +5 ring of evasion
HPRegen 1.28/turn    u - ring of willpower
MPRegen 0.13/turn

%: no passive effects
@: berserking, studying Fighting, lightly drained, very quick
A: runic magic, artefact enchanting
a: Renounce Religion, Berserk, Trog's Hand, Brothers in Arms


You were on level 13 of the Dungeon.
You worshipped Trog.
Trog was extremely pleased with you.
You visited 2 branches of the dungeon, and saw 14 of its levels.
You also visited: Ossuary and Bailey.

You collected 957 gold pieces.
You spent 286 gold pieces at shops.

Inventory:

Hand Weapons
 s - the +6 short sword of a wizard's laboratory {speed, Fly}
   (You found it on level 2 of the Dungeon)

   Fly:       It grants you flight.
 z - a +4 battleaxe (weapon)
 D - a +0 broad axe
 E - a +4 hand axe
 G - the +10 rapier of Ufe Bies {elec, rPois rCorr Str+3}
   (You found it on level 7 of the Dungeon)

   Str+3:     It affects your strength (+3).
   rPois:     It protects you from poison.
   rCorr:     It protects you from acid and corrosion.
Missiles
 J - 3 throwing nets (quivered)
 K - a curare-tipped dart
Armour
 b - a +0 animal skin (worn)
 H - a +1 hat of stealth (worn)
Jewellery
 g - a +5 ring of evasion (left hand)
 p - a ring of poison resistance
 u - a ring of willpower (right hand)
 N - a ring of willpower
 Q - the amulet "Tice" (around neck) {rElec Regen+ rCorr}
   (You acquired it on level 12 of the Dungeon)

   [amulet of regeneration]

   rElec:     It insulates you from electricity.
   Regen+:    It increases your rate of health regeneration.
   rCorr:     It protects you from acid and corrosion.
Wands
 w - a wand of flame (5)
 y - a wand of mindburst (5)
 O - a wand of warping (7)
Scrolls
 a - 2 scrolls of enchant weapon
 c - 3 scrolls of amnesia
 d - a scroll of silence {unknown}
 f - 4 scrolls of immolation
 h - 4 scrolls of fog
 j - 2 scrolls of poison
 k - 5 scrolls of vulnerability
 l - 5 scrolls of teleportation
 m - 3 scrolls of blinking
 q - a scroll of enchant armour
 x - 2 scrolls of summoning
 F - 3 scrolls of brand weapon {unknown}
 L - a scroll of revelation
 M - a scroll of identify
Potions
 e - a potion of experience
 i - 2 potions of might {unknown}
 n - 2 potions of ambrosia {unknown}
 o - 2 potions of cancellation
 r - 5 potions of resistance {unknown}
 t - 7 potions of curing {unknown}
 v - 3 potions of attraction
 A - 3 potions of invisibility {unknown}
 B - 2 potions of mutation
 C - 2 potions of enlightenment
 I - 2 potions of heal wounds


   Skills:
 + Level 14.1 Fighting
 * Level 16.1 Axes
 + Level 10.7 Armour
 + Level 7.5 Dodging


You had 11 spell levels left.
You didn't know any spells.
Your spell library was empty.

Dungeon Overview and Level Annotations

Branches:
Dungeon (13/15)            Temple (1/1) D:6            Lair (0/5) D:10
    Orc (0/2) D:10        Ossuary (visited)          Bailey (visited)
 Vaults: D:13-14

Altars:
Ashenzari
Cheibriados
Dithmenos
Elyvilon
Fedhas
Gozag
Hepliaklqana
Kikubaaqudgha
Makhleb
Nemelex Xobeh
Okawaru
Qazlal
Ru
Sif Muna
Trog
Uskayaw
Vehumet
Wu Jian
Xom
Yredelemnul
Zin
The Shining One

Shops:
D:5 ?   D:6 ?   D:7 [

Annotations:
D:13 2 transporters, Snorg; Zituum's ghost, journeyman DESu


Innate Abilities, Weirdness & Mutations

Your spellcasting is much less encumbered by armour.
You can use scrolls of enchantment on lesser artefacts.


Message History

Snorg shouts!
You barely miss Snorg. Snorg misses you. Snorg completely misses you.
Snorg claws you.
You slash Snorg!
Snorg is lightly wounded.
Snorg goes berserk!
You slice Snorg!!
Snorg is moderately wounded.
Snorg bites you!! Snorg barely misses you. Snorg completely misses you.
You closely miss Snorg.
Snorg is moderately wounded.
Snorg bites you. Snorg misses you. Snorg closely misses you. Snorg bites you!
Snorg barely misses you. Snorg claws you but does no damage.
A red film seems to cover your vision as you go berserk!
You feel yourself moving faster!
You feel mighty! Snorg bites you. Snorg claws you! Snorg completely misses you.
You slice Snorg!!
Snorg is moderately wounded.
Snorg bites you!! Snorg closely misses you. Snorg claws you!
You closely miss Snorg.
Snorg is moderately wounded.
Snorg bites you!
* * * LOW HITPOINT WARNING * * *
Snorg claws you!
* * * LOW HITPOINT WARNING * * *
Snorg completely misses you.
You carve Snorg like a ham!!!
Snorg is severely wounded.
Snorg barely misses you. Snorg claws you!
* * * LOW HITPOINT WARNING * * *
Snorg barely misses you.
You chop Snorg into pieces!!!
Snorg is almost dead.
Snorg barely misses you. Snorg claws you!
* * * LOW HITPOINT WARNING * * *
Snorg misses you.
You barely miss Snorg.
Snorg is almost dead.
Snorg bites you!
You die...

########## ####
#.........
#..#######.........
#...........).#####
######.............#...#
...................#...#
.......@...#####...#...'
.......T...#...'...#...#
##.........#...#...'...#
#.........#...#...#...#
#.........#...#...#...#
#.........#####...#####
#......................
#........#'###.........
#........#...#.........


You could see Snorg (berserk).

Vanquished Creatures
  Gastronok (D:8)
  An orc warlord (Bailey)
  Harold (D:10)
  A boulder beetle (D:11)
  Erica (D:11)
  2 two-headed ogres
  A centaur warrior (D:13)
  2 manticores
  3 cyclopes (D:13)
  The ghost of casual the Magician, a novice DjAl of Cheibriados (D:5)
  2 meliai
  An elephant (D:10)
  2 gargoyles
  3 komodo dragons
  4 trolls
  A vampire (D:10)
  A yak (D:10)
  3 wraiths
  9 slime creatures
  3 wyverns
  2 shadows
  A warg (D:10)
  3 steam dragons
  8 vampire mosquitoes
  An acid dragon (D:11)
  14 orc warriors
  3 ice beasts
  A sky beast (D:7)
  4 black bears
  2 laughing skulls (D:13)
  5 ogres
  4 centaurs
  2 wolves (D:10)
  2 phantoms (D:6)
  2 kobold brigands
  A weeping skull (Ossuary)
  4 bullfrogs
  5 scorpions
  6 water moccasin zombies (Ossuary)
  A burial acolyte (D:6)
  4 wights (D:8)
  4 killer bees (D:10)
  2 howler monkeys
  A lava snake (D:7)
  A bombardier beetle (D:5)
  2 centaur zombies (D:5)
  8 jellies
  5 hounds
  A spectral scorpion (Ossuary)
  A gnoll bouda (D:7)
  2 orc priests
  2 sleepcaps (D:5)
  4 iguanas
  7 orc wizards
  2 scorpion zombies (D:6)
  A crocodile zombie (Ossuary)
  A hound zombie (D:6)
  3 mummies
  12 gnolls
  2 howler monkey skeletons (D:6)
  7 adders
  4 shadow imps
  4 ufetubi
  10 adder zombies
  2 dart slugs
  2 ribbon worms
  33 orcs
  7 ball pythons
  23 endoplasms
  4 giant cockroaches
  11 gnoll zombies
  23 goblins
  18 hobgoblins
  5 jackals (D:1)
  15 kobolds
  5 quokkas
  5 bats
  2 frilled lizards (D:1)
  6 jackal zombies (Ossuary)
  A kobold zombie (D:6)
  4 rats
370 creatures vanquished.

Vanquished Creatures (others)
  4 kobolds (D:10)
  2 foxfires (D:5)
6 creatures vanquished.

Grand Total: 376 creatures vanquished

Notes
Turn   | Place    | Note
-------+----------+-------------------------------------------
     0 | D:1      | Lanoc the Mountain Dwarf Berserker began the quest for the
                  | Orb.
     0 | D:1      | Reached XP level 1. HP: 19/19 MP: 1/1
   217 | D:1      | Reached XP level 2. HP: 23/26 MP: 2/2
   351 | D:1      | Reached skill level 4 in Axes
  1001 | D:2      | Reached XP level 3. HP: 25/31 MP: 3/3
  1167 | D:2      | Reached ** piety under Trog
  1652 | D:2      | Identified the +5 short sword of a wizard's laboratory
                  | {speed, Fly}
  1792 | D:2      | Reached XP level 4. HP: 40/40 MP: 4/4
  1808 | D:2      | Reached skill level 5 in Axes
  2337 | D:3      | Found a sparkling altar of Nemelex Xobeh.
  2548 | D:4      | Noticed a black bear
  2559 | D:4      | Killed a black bear
  2560 | D:4      | Reached XP level 5. HP: 46/46 MP: 5/5
  2602 | D:4      | You are sucked into a shaft and drop 1 floor!
  2602 | D:5      | Entered Level 5 of the Dungeon
  2602 | D:5      | Found Dyenliba's Magic Scroll Emporium.
  2605 | D:5      | Bought a scroll of blinking for 82 gold pieces
  2605 | D:5      | Bought a scroll of identify for 22 gold pieces
  2664 | D:4      | Found a burning altar of Makhleb.
  2772 | D:4      | Reached XP level 6. HP: 53/53 MP: 6/6
  2832 | D:4      | Reached skill level 6 in Axes
  3435 | D:5      | Reached *** piety under Trog
  3436 | D:5      | Reached XP level 7. HP: 25/60 MP: 7/7
  3619 | D:5      | Reached skill level 7 in Axes
  3750 | D:5      | Reached skill level 5 in Fighting
  4112 | D:5      | Found a radiant altar of Vehumet.
  4236 | D:5      | Found a transporter.
  4297 | D:5      | Found a transporter.
  4300 | D:5      | Noticed casual's ghost (novice DjAl)
  4917 | D:5      | Killed casual's ghost
  4918 | D:5      | Reached skill level 8 in Axes
  4918 | D:5      | Reached skill level 5 in Armour
  4918 | D:5      | Reached XP level 8. HP: 70/70 MP: 8/8
  4967 | D:6      | Identified a scroll of acquirement
  4967 | D:6      | Acquired a manual of Fighting
  5002 | D:6      | Found a sand-covered staircase.
  5020 | Ossuary  | Entered an ossuary
  5104 | Ossuary  | Reached skill level 9 in Axes
  5463 | Ossuary  | Reached **** piety under Trog
  5648 | D:6      | Reached XP level 9. HP: 73/79 MP: 9/9
  5832 | D:6      | Found a blossoming altar of Fedhas.
  5867 | D:6      | Found a staircase to the Ecumenical Temple.
  5878 | Temple   | Entered the Ecumenical Temple
  6156 | D:6      | Found Rut Ulea's Magic Scroll Boutique.
  6164 | D:6      | Reached skill level 10 in Axes
  6175 | D:6      | Bought a scroll of identify for 26 gold pieces
  6175 | D:6      | Bought 3 scrolls of immolation for 156 gold pieces
  6370 | D:6      | Found an ancient bone altar of Kikubaaqudgha.
  6806 | D:7      | Found a flagged portal.
  6826 | Bailey   | Entered a bailey
  7207 | Bailey   | Reached skill level 11 in Axes
  7715 | Bailey   | Noticed an orc warlord
  7737 | Bailey   | Reached skill level 5 in Dodging
  7741 | Bailey   | Killed an orc warlord
  7742 | Bailey   | Reached XP level 10. HP: 50/93 MP: 10/10
  7773 | Bailey   | Identified the +9 arbalest "Boiptuny" {heavy, ^Drain Str+2
                  | Dex+4 SInv}
  7955 | D:7      | Reached skill level 12 in Axes
  8043 | D:7      | Reached skill level 10 in Fighting
  8045 | D:7      | Reached ***** piety under Trog
  8146 | D:7      | Identified the +10 rapier of Ufe Bies {elec, rPois rCorr
                  | Str+3}
  8147 | D:7      | Found a white marble altar of Elyvilon.
  8147 | D:7      | Found an iron altar of Okawaru.
  8497 | D:7      | Found Pufenodossio's Armour Emporium.
  8642 | D:7      | Found a hide-covered altar of Uskayaw.
  8642 | D:7      | Found a stormy altar of Qazlal.
  8644 | D:7      | Found a snail-covered altar of Cheibriados.
  8644 | D:7      | Found a basalt altar of Yredelemnul.
  8871 | D:8      | Found a glowing silver altar of Zin.
  8935 | D:8      | Noticed Gastronok
  8948 | D:8      | Killed Gastronok
  8949 | D:8      | Reached skill level 13 in Axes
  9094 | D:8      | Reached XP level 11. HP: 63/102 MP: 11/11
  9646 | D:9      | Identified the +1 trident "Ramelir" {elec, rElec MP-9
                  | Int+7}
  9750 | D:9      | Noticed a two-headed ogre
  9757 | D:9      | Killed a two-headed ogre
 10604 | D:10     | Entered Level 10 of the Dungeon
 10966 | D:10     | Found a staircase to the Orcish Mines.
 10972 | D:10     | Reached skill level 14 in Axes
 11053 | D:10     | Noticed Harold
 11060 | D:10     | Killed Harold
 11485 | D:10     | Noticed a two-headed ogre
 11492 | D:10     | Killed a two-headed ogre
 11606 | D:10     | Found a staircase to the Lair.
 12034 | D:11     | Noticed Erica
 12037 | D:11     | Killed Erica
 12037 | D:11     | Received a gift from Trog
 12230 | D:11     | Noticed a boulder beetle
 12667 | D:11     | Killed a boulder beetle
 12668 | D:11     | Reached skill level 15 in Axes
 12668 | D:11     | Reached skill level 10 in Armour
 12895 | D:11     | Reached XP level 12. HP: 77/115 MP: 12/12
 13116 | D:12     | Acquired the amulet "Tice" {rElec Regen+ rCorr}
 13799 | D:13     | Noticed a centaur warrior
 13812 | D:13     | Killed a centaur warrior
 14157 | D:13     | Noticed Zituum's ghost (journeyman DESu)
 14174 | D:13     | Reached skill level 16 in Axes
 14200 | D:13     | Noticed a hell hog
 14219 | D:13     | Found a transporter.
 14227 | D:13     | Found a transporter.
 14583 | D:13     | Noticed Snorg
 14596 | D:13     | Slain by Snorg

Illustrated notes

Levels and vault maps discovered:
D:1:      psy_arrival_wood_between_worlds, layout_basic,
          serial_co_window_serial, co_window_paths_b, co_window_paths_a,
          co_window_paths_b, co_window_of_opportunity_a, co_window_paths_a,
          co_window_broadway_a, co_window_of_opportunity_b,
          co_window_broadway_c, co_window_corner_ca, co_window_corner_b,
          glass_columns_a, glass_columns_a
D:2:      layout_basic
D:3:      layout_rooms, nemelex_altar_shiori, serial_bayou_lagoon_a
D:4:      layout_basic, mainiacjoe_overflow_brackets
D:5:      layout_loops_cross, vehumet_altar_wand_db, gammafunk_ghost_mausoleum,
          hangedman_abyss_or_decor_stabs, nicolae_stop_n_shop_2
D:6:      layout_loops_ring, regret_index_kikubaaqudgha_part_by_part,
          fedhas_altar_4, minmay_temple_entry_offerings, serial_shops,
          nicolae_shop_peninsula, mainiacjoe_ossuary_entry_find_the_door
D:7:      layout_rooms, grunt_temple_overflow_open, serial_shops, shop,
          enter_bailey_4, kennysheep_generic_room_5
D:8:      layout_rooms, amcnicky_altar_gilded, uniq_gastronok
D:9:      layout_basic
D:10:     layout_roguey, grunt_lair_entry_orc_guard_hut,
          minmay_orc_entry_guard_dogs, uniq_harold
D:11:     lemuel_slime, layout_irregular_city, uniq_erica
D:12:     layout_basic
D:13:     layout_irregular_city, gammafunk_ghost_abyssal_escape, uniq_snorg
Temple:   eino_wide_crystal_templ

Skill      XL: |  1  2  3  4  5  6  7  8  9 10 11 12 |
---------------+-------------------------------------+-----
Axes           | 4 5 6 8 9 11 13 15 16 | 16.1
Armour         | 3 4 5 6 7 8 10 | 10.7
Dodging        | 2 3 4 5 6 7 |  7.5
Fighting       | 4 5 7 9 11 13 14 | 14.1

Action                     |  1- 3 |  4- 6 |  7- 9 | 10-12 || total
---------------------------+-------+-------+-------+-------++-------
  Melee: Hand axe          |   115 |       |   117 |     5 ||   237
         Short sword       |     5 |   199 |   579 |       ||   783
         Battleaxe         |       |       |       |   418 ||   418
 Invoke: Berserk           |     2 |     5 |    11 |    15 ||    33
         Trog's Hand       |       |       |       |     1 ||     1
  Evoke: Wand              |       |       |     3 |       ||     3
    Use: Scroll            |       |       |    18 |     5 ||    23
         Potion            |       |       |     2 |       ||     2
   Stab: Sleeping          |       |       |     1 |     9 ||    10
 Armour: Animal skin       |    48 |    78 |   179 |   257 ||   562
  Dodge: Dodged            |    96 |   160 |   308 |   374 ||   938
  Block: Other             |       |       |    68 |    56 ||   124
         Reflection        |       |       |       |     4 ||     4

Table legend: (Time is in decaauts)
 A = Elapsed time spent in this place.
 B = Non-inter-level travel time spent in this place.
 C = Inter-level travel time spent in this place.
 D = Time resting spent in this place.
 E = Time spent auto-exploring this place.
 F = Levels seen in this place.
 G = Mean time per level.
                   A        B        C        D        E       F      G
               +--------+--------+--------+--------+--------+-----+--------+
         Total |  14560 |  14191 |    369 |    387 |  11290 |  16 |  910.0 |
       Dungeon |  13019 |  12650 |    369 |    183 |  10479 |  13 | 1001.5 |
        Temple |      1 |      1 |      0 |      0 |      0 |   1 |    1.0 |
       Ossuary |    454 |    454 |      0 |    204 |      3 |   1 |  454.0 |
        Bailey |   1084 |   1084 |      0 |      0 |    808 |   1 | 1084.0 |
               +--------+--------+--------+--------+--------+-----+--------+

Top non-repeatable levels by time:
     D:5: 1574 daAuts
    D:10: 1453 daAuts
     D:6: 1273 daAuts
     D:9: 1141 daAuts
     D:2: 1135 daAuts
  Bailey: 1084 daAuts
    D:11: 1035 daAuts
     D:1: 970 daAuts
    D:13: 860 daAuts
     D:8: 820 daAuts
     D:4: 806 daAuts
     D:7: 789 daAuts
    D:12: 724 daAuts
 Ossuary: 454 daAuts
     D:3: 433 daAuts
